 Dungeon Crawl Stone Soup version 0.30.1-3-gfc49f6343a (webtiles) character file.

Game seed: 17482352647105758938

862 spardeous the Conjurer (level 7, 0/50 HPs)
             Began as a Demigod Conjurer on Aug 3, 2023.
             Slain by a centaur zombie (4 damage)
             ... in an ossuary.
             The game lasted 00:05:02 (4984 turns).

spardeous the Conjurer (Demigod Conjurer)           Turns: 4984, Time: 00:05:03

Health: 0/50       AC:  2    Str: 11    XL:     7   Next: 43%
Magic:  4/18       EV: 17    Int: 28    God:
Gold:   230        SH:  0    Dex: 12    Spells: 9/16 levels left

rFire   . . .        (no weapon)
rCold   + . .        (no shield)
rNeg    . . .        s - +0 robe "Mior" {+Blink rPois Str+3}
rPois   +            (no helmet)
rElec   .            (no cloak)
rCorr   .            (no gloves)
SInv    .            (no boots)
Will    .....        (no amulet)
Stlth   ++           k - ring of protection from cold
HPRegen 0.28/turn    A - +5 ring of evasion
MPRegen 0.16/turn

%: no passive effects
@: marked, stuck, very slightly contaminated
A: high MP 1, forlorn, divine attributes
a: Evoke Blink


You were in an ossuary.
You visited 1 branch of the dungeon, and saw 5 of its levels.
You also visited: Ossuary.

You collected 230 gold pieces.

Inventory:

Armour
 a - a +0 robe
 s - the +0 robe "Mior" (worn) {+Blink rPois Str+3}
   (You found it on level 2 of the Dungeon)

   Str:       It affects your strength (+3).
   rPois:     It protects you from poison.
   +Blink:    It lets you blink.
 x - a +0 chain mail
 y - a +0 leather armour
Jewellery
 k - a ring of protection from cold (left hand)
 l - a ring of protection from cold
 A - a +5 ring of evasion (right hand)
Wands
 t - a wand of roots (23)
 w - a wand of flame (15)
 z - a wand of acid (9)
Scrolls
 c - a scroll of brand weapon {unknown}
 d - 2 scrolls of enchant armour {unknown}
 g - a scroll of immolation {unknown}
 j - 2 scrolls of poison {unknown}
 m - a scroll of enchant weapon {unknown}
 n - 3 scrolls of teleportation {unknown}
 p - a scroll of magic mapping {unknown}
 r - 3 scrolls of identify {unknown}
 u - 3 scrolls of noise {unknown}
Potions
 e - a potion of curing
 f - a potion of might {unknown}
 h - 2 potions of mutation {unknown}
 i - a potion of brilliance {unknown}
 o - a potion of heal wounds {unknown}
 q - a potion of degeneration {unknown}
 v - a potion of berserk rage {unknown}


   Skills:
 - Level 1.7 Dodging
 - Level 1.7 Stealth
 + Level 5.4 Spellcasting
 + Level 6.7 Conjurations


You had 9 spell levels left.
You knew the following spells:

 Your Spells              Type           Power      Damage    Failure   Level
a - Magic Dart            Conj           100%       1d8       1%          1
b - Searing Ray           Conj           90%        2d7       1%          2
c - Iskenderun's Mystic   Conj/Tloc      26%        2d7       16%         4

Your spell library contained the following spells:

 Spells                   Type           Power      Damage    Failure   Level
 Dazzling Flash           Conj/Hex       52%        N/A       4%          3
 Necrotise                Necr           28%        1d5       6%          1
 Summon Small Mammal      Summ           28%        N/A       6%          1
 Fulminant Prism          Conj/Hex       13%        3d9       16%         4
 Call Canine Familiar     Summ           7%         N/A       19%         3
 Summon Guardian Golem    Hex/Summ       7%         N/A       19%         3
 Vampiric Draining        Necr           7%         2d6       19%         3
 Agony                    Necr           7%         N/A       87%         5


Dungeon Overview and Level Annotations

Branches:
Dungeon (5/15)            Ossuary (1/1)
 Temple: D:4-7


Innate Abilities, Weirdness & Mutations

You have an increased reservoir of magic. (+10% MP)
You shall have no god before yourself.
Your divine heritage dramatically boosts your attributes as you level up.


Message History

The centaur zombie closely misses you.
Casting: Iskenderun's Mystic Blast (quite dangerous; 16% risk of failure)
Confirm with . or Enter, or press ? or * to list all spells.
The spell is quite dangerous to miscast (16% risk of failure)!
Continue anyway?
You erupt in a blast of force!
The mystic blast hits the hobgoblin zombie!
You destroy the hobgoblin zombie!
The mystic blast hits the centaur zombie.
The centaur zombie is heavily damaged.
The centaur zombie is knocked back by the mystic blast.
The mystic blast hits the centaur zombie!
The centaur zombie is moderately damaged.
The centaur zombie is knocked back by the mystic blast.
The mystic blast hits the centaur zombie.
The centaur zombie is heavily damaged.
The centaur zombie is knocked back by the mystic blast.
A hobgoblin zombie comes into view.
You now have 8/18 mp.
The centaur zombie attacks as you move away!
The centaur zombie completely misses you.
The centaur zombie closely misses you. The centaur zombie hits you.
* * * LOW HITPOINT WARNING * * *
The centaur zombie closely misses you. The centaur zombie misses you.
The centaur zombie barely misses you. The centaur zombie closely misses you.
The centaur zombie barely misses you.
You take 2 damage, and have 12/50 hp.
Casting: Iskenderun's Mystic Blast (quite dangerous; 16% risk of failure)
Confirm with . or Enter, or press ? or * to list all spells.
The spell is quite dangerous to miscast (16% risk of failure)!
Continue anyway?
You miscast Iskenderun's Mystic Blast.
You are very lightly contaminated with residual magic.
Space warps crazily around you.
You are magically locked in place.
The centaur zombie barely misses you.
The centaur zombie closely misses you. x3
The centaur zombie hits you.
* * * LOW HITPOINT WARNING * * *
The centaur zombie closely misses you. The centaur zombie hits you.
* * * LOW HITPOINT WARNING * * *
The centaur zombie barely misses you. The centaur zombie hits you.
You die...

#
###########.#.
##@ZZ.Z.Z......
#.ZZZ..........
#.....∩.∩.^...^
#..............
##.........^.^.
###########.#.
##


You could see 3 hobgoblin zombies and 4 centaur zombies.

Vanquished Creatures
  Grinder (D:5)
  2 black bears
  A phantom (D:5)
  A scorpion (D:4)
  A howler monkey (D:5)
  A centaur zombie (Ossuary)
  A hound (D:5)
  An iguana (D:5)
  2 orc wizards (D:4)
  3 mummies (Ossuary)
  3 adders
  A white imp (D:5)
  2 worms (D:4)
  A dart slug (D:4)
  12 orcs
  6 ball pythons
  8 endoplasms
  4 giant cockroaches
  10 goblins
  7 hobgoblins
  2 jackals (D:1)
  5 quokkas
  4 bats
  A frilled lizard (D:1)
  A hobgoblin zombie (Ossuary)
  5 kobolds
  6 rats
  2 rat zombies (D:5)
94 creatures vanquished.

Notes
Turn   | Place    | Note
-------+----------+-------------------------------------------
     0 | D:1      | spardeous the Demigod Conjurer began the quest for the Orb.
     0 | D:1      | Reached XP level 1. HP: 14/14 MP: 5/5
   413 | D:1      | Reached XP level 2. HP: 20/20 MP: 4/7
   653 | D:1      | Reached skill level 4 in Conjurations
  1420 | D:2      | Reached XP level 3. HP: 26/26 MP: 7/9
  1697 | D:2      | Noticed a black bear
  1720 | D:2      | Learned a level 2 spell: Searing Ray
  1791 | D:2      | Killed a black bear
  1792 | D:2      | Reached XP level 4. HP: 33/33 MP: 3/12
  2206 | D:2      | Identified the +0 robe "Mior" {+Blink rPois Str+3}
  2843 | D:3      | Reached XP level 5. HP: 38/38 MP: 10/13
  3003 | D:3      | Reached skill level 5 in Conjurations
  4029 | D:4      | Reached XP level 6. HP: 27/45 MP: 4/15
  4510 | D:5      | Entered Level 5 of the Dungeon
  4516 | D:5      | Learned a level 4 spell: Iskenderun's Mystic Blast
  4712 | D:5      | Noticed Grinder
  4726 | D:5      | Paralysed by Grinder for 5 turns
  4743 | D:5      | Killed Grinder
  4744 | D:5      | Reached skill level 5 in Spellcasting
  4744 | D:5      | Reached skill level 6 in Conjurations
  4744 | D:5      | Reached XP level 7. HP: 50/50 MP: 6/17
  4775 | D:5      | Found a sand-covered staircase.
  4936 | Ossuary  | Entered an ossuary
  4984 | Ossuary  | Slain by a centaur zombie

Illustrated notes

Levels and vault maps discovered:
D:1:      amcnicky_arrival_blooded_trapdoor, layout_loops_corners
D:2:      layout_loops_ring, minmay_close_crescents
D:3:      layout_loops_corners, lemuel_round_altar, trog_three_pillars_becter,
          nicolae_elevator_lobby_plus
D:4:      layout_loops_ring, mainiacjoe_overflow_catwalk_spiral
D:5:      layout_loops_ring, minmay_temple_entry_drinking_statues,
          enter_ossuary_4, grunt_decor_arrowhead, uniq_grinder, uniq_ijyb
Ossuary:  ossuary_the_hunt_dpeg

Skill      XL: |  1  2  3  4  5  6 |
---------------+-------------------+-----
Spellcasting   | 2 3 4 5 |  5.4
Conjurations   | 4 5 6 |  6.7
Dodging        | |  1.7
Stealth        | |  1.7

Action                     |  1- 3 |  4- 6 |  7- 9 || total
---------------------------+-------+-------+-------++-------
   Cast: Magic Dart        |    72 |    80 |       ||   152
         Searing Ray       |     1 |    11 |    10 ||    22
         Iskenderun's Myst |       |       |     3 ||     3
    Use: Potion            |       |       |     3 ||     3
 Armour: Robe              |     2 |     4 |     8 ||    14
  Dodge: Dodged            |     1 |     5 |    62 ||    68
